 Dungeon Crawl Stone Soup version 0.30.1 (webtiles) character file.

Game seed: 13626912860154619813

345 LynnLen the Sneak (level 6, -3/28 HPs)
             Began as a Spriggan Enchanter on July 10, 2023.
             Slain by an ogre (14 damage)
             ... on level 4 of the Dungeon.
             The game lasted 00:09:09 (3439 turns).

LynnLen the Sneak (Spriggan Enchanter)              Turns: 3439, Time: 00:09:10

Health: -3/28      AC:  2    Str:  4    XL:     6   Next: 32%
Magic:  1/11       EV: 17    Int: 18    God:
Gold:   200        SH:  0    Dex: 16    Spells: 2/10 levels left

rFire   . . .        h - +3 dagger
rCold   . . .        (no shield)
rNeg    . . .        b - +0 robe
rPois   .            (helmet restricted)
rElec   .            (no cloak)
rCorr   .            (gloves unavailable)
SInv    +            (boots unavailable)
Will    +....        (no amulet)
Stlth   ++++         (no ring)
HPRegen 0.24/turn    (no ring)
MPRegen 0.12/turn

%: no passive effects
@: confusing by touch, very quick
A: very small, no large weapons, unfitting armour, see invisible, speed 3
a: no special abilities


You were on level 4 of the Dungeon.
You visited 1 branch of the dungeon, and saw 4 of its levels.

You collected 224 gold pieces.
You spent 24 gold pieces at shops.

Inventory:

Hand Weapons
 h - a +3 dagger (weapon)
Armour
 b - a +0 robe (worn)
Wands
 e - a wand of roots (16)
 j - a wand of polymorph (2)
Scrolls
 a - 2 scrolls of teleportation
 g - 2 scrolls of fog {unknown}
 k - a scroll of silence
 n - a scroll of blinking {unknown}
 o - a scroll of vulnerability {unknown}
 p - a scroll of poison {unknown}
 q - a scroll of magic mapping
Potions
 c - 2 potions of invisibility
 d - 4 potions of curing
 f - 2 potions of berserk rage
 i - 2 potions of attraction
 l - a potion of heal wounds {unknown}
 m - a potion of degeneration {unknown}


   Skills:
 + Level 4.1 Short Blades
 - Level 2.6 Dodging
 + Level 7.2 Stealth
 - Level 2.6 Spellcasting
 + Level 5.7 Hexes


You had 2 spell levels left.
You knew the following spells:

 Your Spells              Type           Power      Damage    Failure   Level
a - Ensorcelled Hibernat  Hex/Ice        24%        N/A       8%          2
b - Confusing Touch       Hex            23%        N/A       4%          3
c - Tukima's Dance        Hex            23%        N/A       4%          3

Your spell library contained the following spells:

 Spells                   Type           Power      Damage    Failure   Level
 Apportation              Tloc           4%         N/A       17%         1
 Necrotise                Necr           8%         1d4       17%         1
 Summon Small Mammal      Summ           8%         N/A       17%         1
 Blink                    Tloc           4%         N/A       26%         2
 Lesser Beckoning         Tloc           4%         N/A       26%         2
 Momentum Strike          Conj/Tloc      4%         3d8       26%         2
 Passwall                 Tmut/Erth      1%         N/A       26%         2
 Dazzling Flash           Conj/Hex       24%        N/A       16%         3
 Swiftness                Air            2%         N/A       45%         3
 Vampiric Draining        Necr           2%         2d6       45%         3
 Agony                    Necr           2%         N/A       99%         5


Dungeon Overview and Level Annotations

Branches:
Dungeon (4/15)
 Temple: D:4-7

Altars:

Shops:
D:2 (?=(


Innate Abilities, Weirdness & Mutations

You are very small and have problems with some larger weapons.
You are too small for most types of armour.
You have supernaturally acute eyesight. (SInv)
You cover ground extremely quickly. (Speed+++)


Message History

The spell is quite dangerous to miscast (4% risk of failure)!
Continue anyway?
Aiming: Tukima's Dance (quite dangerous; 4% risk of failure)
Press: ? - help, Shift-Dir - straight line, f/p - ogre
Aim: an ogre, wielding a +0 giant club (chance to affect: 55%)
The ogre resists with significant effort.
Your magical contamination has completely faded away.
You see here a +0 giant spiked club.
You see here an ogre corpse.
Casting: Tukima's Dance (quite dangerous; 4% risk of failure)
Confirm with . or Enter, or press ? or * to list all spells.
The spell is quite dangerous to miscast (4% risk of failure)!
Continue anyway?
Aiming: Tukima's Dance (quite dangerous; 4% risk of failure)
Press: ? - help, Shift-Dir - straight line, f/p - ogre
Aim: an ogre, wielding a +0 giant club (chance to affect: 55%)
The ogre resists with significant effort.
Casting: Tukima's Dance (quite dangerous; 4% risk of failure)
Confirm with . or Enter, or press ? or * to list all spells.
The spell is quite dangerous to miscast (4% risk of failure)!
Continue anyway?
Aiming: Tukima's Dance (quite dangerous; 4% risk of failure)
Press: ? - help, Shift-Dir - straight line, f/p - ogre
Aim: an ogre, wielding a +0 giant club (chance to affect: 55%)
The +0 giant club dances into the air!
Casting: Tukima's Dance (quite dangerous; 4% risk of failure)
Confirm with . or Enter, or press ? or * to list all spells.
You don't have enough magic to cast this spell.
An ogre is nearby!
Casting: Tukima's Dance (quite dangerous; 4% risk of failure)
Confirm with . or Enter, or press ? or * to list all spells.
The spell is quite dangerous to miscast (4% risk of failure)!
Continue anyway?
Your hands begin to glow red.
The ogre misses you.
You hit the ogre but do no damage. You barely miss the ogre.
The ogre closely misses you.
You hit the ogre but do no damage. You barely miss the ogre. The ogre hits you!
Ouch! That really hurt!
You hit the ogre but do no damage. You hit the ogre but do no damage.
The ogre hits you!
Ouch! That really hurt!
You die...

.######.######.###.# #.#
#................†.#####.#
.#.............<......##.#
......#.######.######.##.#
.##.#.#.#.## #.######.##.#
.##...O....# #...........#
......#.#.## ########.####
..#...#.#.###########.###
........#......O@.......#
.....################.#.#
.....################.#.#
..#...................#.#
.###.###############..#.####
.# #.# #........#.##.##
.###.#########.#####.#....#.##
...............# #...#.###.#
####.########..# ###....#.##


You could see an ogre.

Vanquished Creatures
  An ogre (D:4)
  Blork the orc (D:4)
  Terence (D:2)
  4 adders
  4 gnolls (D:4)
  3 worms
  4 dart slugs
  6 orcs
  11 endoplasms
  2 giant cockroaches
  4 goblins
  7 hobgoblins
  2 jackals (D:2)
  10 kobolds
  2 quokkas
  3 ball pythons
  4 bats
  3 frilled lizards
  3 rats
75 creatures vanquished.

Vanquished Creatures (others)
  2 dancing weapons (D:4)
2 creatures vanquished.

Grand Total: 77 creatures vanquished

Notes
Turn   | Place    | Note
-------+----------+-------------------------------------------
     0 | D:1      | LynnLen the Spriggan Enchanter began the quest for the Orb.
     0 | D:1      | Reached XP level 1. HP: 9/9 MP: 5/5
   174 | D:1      | Reached XP level 2. HP: 13/13 MP: 6/6
   181 | D:1      | Learned a level 2 spell: Ensorcelled Hibernation
   581 | D:1      | Reached skill level 5 in Stealth
  1131 | D:2      | Found Kiygof's Magic Scroll Shoppe.
  1167 | D:2      | Reached XP level 3. HP: 13/16 MP: 8/8
  1172 | D:2      | Bought a scroll of identify for 24 gold pieces
  1318 | D:2      | Found Jats's Antique Weapon Emporium.
  1392 | D:2      | Noticed Terence
  1415 | D:2      | Killed Terence
  1416 | D:2      | Reached XP level 4. HP: 21/21 MP: 3/9
  1565 | D:2      | Found Ydwe's Jewellery Shop.
  1805 | D:2      | Found Lamouri Komu's Weapon Shop.
  2101 | D:3      | Reached skill level 6 in Stealth
  2158 | D:3      | Learned a level 3 spell: Confusing Touch
  2162 | D:3      | Learned a level 3 spell: Tukima's Dance
  2231 | D:3      | Reached XP level 5. HP: 24/24 MP: 10/10
  2236 | D:3      | Reached skill level 5 in Hexes
  2670 | D:4      | Noticed an ogre
  2992 | D:4      | Noticed Blork the orc
  2999 | D:4      | Killed Blork the orc
  3251 | D:4      | Killed an ogre
  3252 | D:4      | Reached skill level 7 in Stealth
  3252 | D:4      | Reached XP level 6. HP: 10/28 MP: 5/11
  3439 | D:4      | Slain by an ogre

Illustrated notes

Levels and vault maps discovered:
D:1:      psy_arrival_statuary, layout_basic, minmay_tall_x
D:2:      layout_rooms, serial_shops, shop, nicolae_shop_back_alley_shop, shop,
          shop, minmay_misc_feat_chi, minmay_misc_feat_nine_boxes, uniq_terence
D:3:      layout_loops_cross, hangedman_decor_clover_reticule, dk_noncrumbling_4
D:4:      layout_loops_ring, lemuel_coloured_pillars_altar,
          dreamdust_princess_corridor, nicolae_kite_square_tiling_tiny,
          uniq_blork_the_orc

Skill      XL: |  1  2  3  4  5 |
---------------+----------------+-----
Hexes          | 4 5 |  5.7
Stealth        | 5 6 7 |  7.2
Short Blades   | 2 3 4 |  4.1
Dodging        | |  2.6
Spellcasting   | |  2.6

Action                     |  1- 3 |  4- 6 || total
---------------------------+-------+-------++-------
  Melee: Dagger            |    68 |   117 ||   185
         Punch             |     1 |     2 ||     3
   Cast: Ensorcelled Hiber |     5 |    11 ||    16
         Tukima's Dance    |       |     6 ||     6
         Confusing Touch   |       |     2 ||     2
    Use: Scroll            |     7 |     2 ||     9
   Stab: Sleeping          |    18 |    15 ||    33
         Confused          |       |     2 ||     2
 Armour: Robe              |     1 |    10 ||    11
  Dodge: Dodged            |    38 |    68 ||   106
